 Dungeon Crawl Stone Soup version 0.26-a0-852-g6321bf7485 (webtiles) character file.

Game seed: 3841582726296226756

179 dolemite99 the Chopper (level 5, -1/45 HPs)
             Began as a Hill Orc Fighter on Nov 22, 2020.
             Killed by nerve-wracking pain
             ... invoked by Grinder
              (13 damage)
             ... on level 4 of the Dungeon.
             The game lasted 00:03:19 (3249 turns).

dolemite99 the Chopper (Hill Orc Fighter)           Turns: 3249, Time: 00:03:20

Health: -1/45      AC: 10    Str: 20    XL:     5   Next: 59%
Magic:  5/5        EV:  7    Int:  8    God:
Gold:   156        SH:  9    Dex: 10    Spells: 4/4 levels left

rFire    . . .     SeeInvis .   a - +0 war axe
rCold    . . .     Faith    .   c - +0 kite shield
rNeg     . . .     Spirit   .   b - +0 scale mail
rPois    .         Reflect  .   (no helmet)
rElec    .         Harm     .   (no cloak)
rCorr    .         Rampage  .   (no gloves)
MR       .....                  o - +2 pair of boots
Stlth    ..........             (no amulet)
HPRegen  0.15/turn              (no ring)
MPRegen  0.09/turn              (no ring)

@: mighty
A: no striking features
a: no special abilities


You were on level 4 of the Dungeon.
You visited 1 branch of the dungeon, and saw 4 of its levels.

You collected 156 gold pieces.

Inventory:

Hand Weapons
 a - a +0 war axe (weapon)
 f - a +0 battleaxe
Missiles
 h - 48 stones (quivered)
 i - 16 poisoned darts
 r - 27 bolts
 u - 23 arrows
Armour
 b - a +0 scale mail (worn)
 c - a +0 kite shield (worn)
 n - a +1 pair of boots
 o - a +2 pair of boots (worn)
Wands
 m - a wand of iceblast (13)
 t - a wand of polymorph (5)
Scrolls
 p - a scroll of enchant weapon {unknown}
 q - 2 scrolls of remove curse {@r2}
 s - a scroll of identify {@r1}
Potions
 d - a potion of might
 e - a potion of attraction {unknown}
 g - a potion of cancellation {unknown}
 j - a potion of resistance {unknown}
 k - 2 potions of lignification
 l - a potion of curing
 v - a potion of experience {unknown}


   Skills:
 - Level 3.6 Fighting
 + Level 7.4 Axes
 - Level 3.2 Armour
 - Level 3.2 Shields


You had 4 spell levels left.
You didn't know any spells.
Your spell library was empty.

Dungeon Overview and Level Annotations

Branches:
Dungeon (4/15)
 Temple: D:4-7

Altars:

Annotations:
D:3 3 runed translucent doors, Crazy Yiuf; SolusNox's ghost, amateur TrMo
D:4 Grinder


Message History

Grinder hits you but does no damage.
You closely miss Grinder.
Grinder is heavily wounded.
Grinder hits you but does no damage. Grinder gestures at you.
You suddenly lose the ability to move!
Grinder barely misses you. x2
Grinder gestures at you. Pain shoots through your body! Grinder hits you.
You writhe in agony.
Grinder hits you.
You writhe in agony.
* * * LOW HITPOINT WARNING * * *
Grinder gestures at you.
You shrug off the repeated paralysis!
You can move again.
You slash Grinder!
Grinder is severely wounded.
Grinder gestures at you. Pain shoots through your body!
You die...

.............##.
....####.....##..#
##.#............#
###.......#....#
#.#...#...# ...##
###.....#..[......# ##
#....######.###....
#..##5...##########.#.#
#.....@.....#.#.#...###
#.....................#
#####.#................
###..............#.
#..............#.
##.........#..#...
#..........#..#...
##...........###..
##.#.....#....#...


You could see Grinder.

Vanquished Creatures
  A water moccasin skeleton (D:4)
  A worker ant (D:4)
  4 adders
  An ooze (D:4)
  3 worms
  A dart slug (D:1)
  A leopard gecko (D:1)
  An orc (D:3)
  5 bats
  4 giant cockroaches
  4 hobgoblins
  10 jackals
  3 quokkas
  4 frilled lizards
  7 goblins
  A kobold (D:1)
  5 rats
56 creatures vanquished.

Vanquished Creatures (others)
  7 toadstools (D:1)
7 creatures vanquished.

Grand Total: 63 creatures vanquished

Notes
Turn   | Place    | Note
-------+----------+-------------------------------------------
     0 | D:1      | dolemite99 the Hill Orc Fighter began the quest for the
                  | Orb.
     0 | D:1      | Reached XP level 1. HP: 19/19 MP: 1/1
    82 | D:1      | Reached skill level 3 in Axes
   135 | D:1      | Reached XP level 2. HP: 26/26 MP: 2/2
   200 | D:1      | Reached skill level 4 in Axes
   690 | D:1      | Reached XP level 3. HP: 31/31 MP: 3/3
  1099 | D:2      | Reached skill level 5 in Axes
  1349 | D:2      | Reached XP level 4. HP: 35/39 MP: 4/4
  1833 | D:3      | Found a runed translucent door.
  1836 | D:3      | Noticed SolusNox's ghost (amateur TrMo)
  2093 | D:3      | Found a runed translucent door.
  2094 | D:3      | Noticed Crazy Yiuf
  2286 | D:3      | Reached skill level 6 in Axes
  2574 | D:3      | Found a runed translucent door.
  2744 | D:4      | Noticed Grinder
  2997 | D:4      | Reached skill level 7 in Axes
  2997 | D:4      | Reached XP level 5. HP: 42/45 MP: 5/5
  3235 | D:4      | Paralysed by Grinder for 4 turns
  3242 | D:4      | Paralysed by Grinder for 7 turns
  3249 | D:4      | Killed from afar by Grinder

Illustrated notes

Levels and vault maps discovered:
D:1:      nagdon_arrival_zigzag_paths, layout_basic, dk_noncrumbling_4,
          st_stairs_14
D:2:      layout_loops_ring
D:3:      layout_loops_ring, ebering_ghost_sewer_f, uniq_crazy_yiuf_cottage
D:4:      layout_cave_pools, minmay_misc_feat_columns, uniq_grinder, uniq_pikel

Skill      XL: |  1  2  3  4 |
---------------+-------------+-----
Axes           | 3 4 5 7 |  7.4
Fighting       | |  3.6
Armour         | |  3.2
Shields        | |  3.2

Action                   |  1- 3 |  4- 6 || total
-------------------------+-------+-------++-------
Melee: War axe           |   106 |    88 ||   194
Throw: Stone             |    12 |    31 ||    43
  Use: Scroll            |     6 |       ||     6
       Potion            |       |     1 ||     1
Armor: Scale mail        |    61 |    49 ||   110
Dodge: Dodged            |    30 |    31 ||    61
Block: Kite shield       |    46 |    49 ||    95

Table legend: (Time is in decaauts)
 A = Elapsed time spent in this place.
 B = Non-inter-level travel time spent in this place.
 C = Inter-level travel time spent in this place.
 D = Time resting spent in this place.
 E = Time spent auto-exploring this place.
 F = Levels seen in this place.
 G = Mean time per level.
                   A        B        C        D        E       F      G
               +--------+--------+--------+--------+--------+-----+--------+
         Total |   3318 |   3120 |    198 |    451 |   2017 |   4 |  829.5 |
       Dungeon |   3318 |   3120 |    198 |    451 |   2017 |   4 |  829.5 |
               +--------+--------+--------+--------+--------+-----+--------+

Top non-repeatable levels by time:
     D:3: 1072 daAuts
     D:1: 998 daAuts
     D:2: 769 daAuts
     D:4: 479 daAuts
